 Dungeon Crawl Stone Soup version 0.28.0-45-g0d030f2227 (webtiles) character file.

Game seed: 1585064536415321168

47 Uileat the Skirmisher (level 3, -2/33 HPs)
             Began as a Minotaur Fighter on Apr 8, 2022.
             Killed from afar by Sigmund (3 damage)
             ... with a magic dart
             ... on level 2 of the Dungeon.
             The game lasted 00:08:37 (1004 turns).

Uileat the Skirmisher (Minotaur Fighter)            Turns: 1004, Time: 00:08:38

Health: -2/33      AC:  7    Str: 22    XL:     3   Next: 48%
Magic:  2/2        EV:  9    Int:  5    God:
Gold:   59         SH:  4    Dex:  9    Spells: 2/2 levels left

rFire   . . .      SeeInvis .   a - +0 war axe
rCold   . . .      Faith    .   c - +0 buckler
rNeg    . . .      Spirit   .   b - +0 scale mail
rPois   .          Reflect  .   (helmet restricted)
rElec   .          Harm     .   (no cloak)
rCorr   .          Rampage  .   (no gloves)
Will    +....                   (no boots)
Stlth   ..........              (no amulet)
HPRegen 0.11/turn               g - ring of willpower
MPRegen 0.08/turn               (no ring)

@: no status effects
A: horns 2, retaliatory headbutt
a: no special abilities


You were on level 2 of the Dungeon.
You visited 1 branch of the dungeon, and saw 2 of its levels.

You collected 59 gold pieces.

Inventory:

Hand Weapons
 a - a +0 war axe (weapon)
Armour
 b - a +0 scale mail (worn)
 c - a +0 buckler (worn)
Jewellery
 g - a ring of willpower (left hand)
Scrolls
 e - 3 scrolls of blinking {unknown}
 i - 2 scrolls of identify {unknown}
Potions
 d - a potion of might
 h - a potion of lignification {unknown}


   Skills:
 + Level 4.0 Fighting
 * Level 3.4 Axes
 + Level 0.7 Throwing
 + Level 4.0 Armour
 + Level 4.0 Shields


You had 2 spell levels left.
You didn't know any spells.
Your spell library was empty.

Dungeon Overview and Level Annotations

Branches:
Dungeon (2/15)

Altars:

Annotations:
D:2 Sigmund


Innate Abilities, Weirdness & Mutations

You have a pair of horns on your head.
You reflexively headbutt those who attack you in melee.


Message History

Aim: Sigmund, wielding a +1 vorpal scythe and wearing a +0 robe (52% to hit)
You throw a poisoned dart.
The poisoned dart closely misses Sigmund.
Throw: dart (poison)
Press: ? - help, Q - select action Shift-Dir - straight line, f/p - Sigmund
Aim: Sigmund, wielding a +1 vorpal scythe and wearing a +0 robe (52% to hit)
You throw a poisoned dart.
The poisoned dart closely misses Sigmund.
You block Sigmund's attack.
You closely miss Sigmund. Your headbutt misses Sigmund.
Sigmund barely misses you.
You slash the dart slug!
You kill the dart slug!
You closely miss Sigmund.
Sigmund hits you with a +1 vorpal scythe!
You completely miss Sigmund.
Sigmund hits you with a +1 vorpal scythe.
You completely miss Sigmund. You headbutt Sigmund.
Sigmund is lightly wounded.
Sigmund hits you but does no damage.
You closely miss Sigmund. Your headbutt misses Sigmund.
Sigmund is lightly wounded.
Sigmund barely misses you.
You closely miss Sigmund.
Sigmund is lightly wounded.
Sigmund barely misses you.
You hit Sigmund. You headbutt Sigmund!
Sigmund is severely wounded.
Sigmund closely misses you. You furiously retaliate!
You headbutt Sigmund. You barely miss Sigmund. Your headbutt misses Sigmund.
Sigmund is almost dead.
You closely miss Sigmund.
Sigmund is almost dead.
Sigmund hits you with a +1 vorpal scythe!
* * * LOW HITPOINT WARNING * * *
x2 You barely miss Sigmund.
Your headbutt misses Sigmund.
Sigmund is almost dead.
Sigmund casts a spell at you. The magic dart hits you.
You die...

##.# #.............. ###.####
#.(............ #.#....#
#.............. ##.####.#
#(............. ...# #.#
#.##.###.#..... ##.####.### #.#
# #.# ....†)....# ##.#.. #.#
..........## ##@†#.# #.#
......†.....###.@##.####.####
............................#
##>.......................# ###
##.####.####...#.####.....##....
.#..#...####.#.#...._...........
..........................###...
###..)..>......######.....# .
#(...........#..........##..#
#..............####........#


You could see Sigmund.

Vanquished Creatures
  2 dart slugs
  An orc (D:2)
  5 bats
  5 endoplasms (D:1)
  3 goblins (D:1)
  3 hobgoblins
  4 jackals (D:1)
  A quokka (D:2)
  5 ball pythons
  2 frilled lizards
  4 kobolds
  6 rats (D:1)
41 creatures vanquished.

Notes
Turn   | Place    | Note
-------+----------+-------------------------------------------
     0 | D:1      | Uileat the Minotaur Fighter began the quest for the Orb.
     0 | D:1      | Reached XP level 1. HP: 19/19 MP: 0/0
   137 | D:1      | Reached XP level 2. HP: 18/27 MP: 1/1
   461 | D:1      | Reached XP level 3. HP: 33/33 MP: 2/2
   747 | D:2      | Noticed Sigmund
   956 | D:2      | Found a faded altar of an unknown god.
  1003 | D:2      | HP: 1/33 [Sigmund/+1 vorpal scythe (3)]
  1004 | D:2      | Killed from afar by Sigmund

Illustrated notes

Levels and vault maps discovered:
D:1:      lightli_arrival_chessboard, layout_loops_ring
D:2:      layout_rooms, basic_ecumenical_altar, uniq_sigmund

Skill      XL: |  1  2  3 |
---------------+----------+-----
Axes           | 3 |  3.4
Fighting       | 4 |  4.0
Shields        | 4 |  4.0
Armour         | 4 |  4.0
Throwing       | |  0.7

Action                   || total
-------------------------++-------
Melee: War axe           ||    97
       Headbutt          ||    14
Throw: Dart              ||     3
Armor: Scale mail        ||    38
Dodge: Dodged            ||    37
Block: Buckler           ||    30
